 Dungeon Crawl Stone Soup version 0.28-a0-987-g8383568036 (webtiles) character file.

Game seed: 1661527548375277663

5 MirrMurr the Sneak (level 1, -1/9 HPs)
             Began as a Spriggan Enchanter on Dec 4, 2021.
             Slain by a hobgoblin (4 damage)
             ... on level 1 of the Dungeon.
             The game lasted 00:02:03 (901 turns).

MirrMurr the Sneak (Spriggan Enchanter)              Turns: 901, Time: 00:02:04

Health: -1/9       AC:  2    Str:  4    XL:     1   Next: 66%
Magic:  5/5        EV: 17    Int: 16    God:
Gold:   30         SH:  0    Dex: 15    Spells: 5/5 levels left

rFire   . . .      SeeInvis +   a - +1 dagger
rCold   . . .      Faith    .   (shield restricted)
rNeg    . . .      Spirit   .   b - +0 robe
rPois   .          Reflect  .   (helmet restricted)
rElec   .          Harm     .   (no cloak)
rCorr   .          Rampage  .   (gloves unavailable)
Will    .....                   (boots unavailable)
Stlth   +++.......              (no amulet)
HPRegen 0.03/turn               (no ring)
MPRegen 0.09/turn               (no ring)

@: very quick
A: very small, no large weapons, unfitting armour, see invisible, speed 3
a: no special abilities


You were on level 1 of the Dungeon.
You visited 1 branch of the dungeon, and saw 1 of its levels.

You collected 30 gold pieces.

Inventory:

Hand Weapons
 a - a +1 dagger (weapon)
Missiles
 d - 43 stones (quivered)
Armour
 b - a +0 robe (worn)
Scrolls
 f - 2 scrolls of identify {unknown}
Potions
 c - a potion of invisibility
 e - a potion of heal wounds {unknown}
 g - a potion of mutation {unknown}
 h - a potion of berserk rage {unknown}


   Skills:
 + Level 1.5 Short Blades
 - Level 2.6 Dodging
 + Level 4.7 Stealth
 - Level 2.6 Spellcasting
 - Level 3.6 Hexes


You had 5 spell levels left.
You didn't know any spells.
Your spell library contained the following spells:

 Spells                   Type           Power      Damage    Failure   Level
 Confusing Touch          Hex            13%        N/A       13%         3
 Tukima's Dance           Hex            13%        N/A       13%         3
 Ensorcelled Hibernation  Hex/Ice        14%        N/A       14%         2
 Beastly Appendage        Tmut           4%         N/A       19%         1
 Wereblood                Tmut           2%         N/A       28%         2
 Dazzling Flash           Conj/Hex       14%        N/A       28%         3
 Summon Guardian Golem    Hex/Summ       7%         N/A       28%         3
 Spider Form              Tmut/Pois      2%         N/A       50%         3
 Hailstorm                Conj/Ice       2%         3d3       88%         4
 Ice Form                 Ice/Tmut       2%         N/A       88%         4
 Simulacrum               Ice/Necr       1%         N/A       100%        6
 Orb of Destruction       Conj           1%         N/A       100%        7
 Spellforged Servitor     Conj/Summ      1%         N/A       100%        7


Dungeon Overview and Level Annotations

Branches:
Dungeon (1/15)

Altars:


Innate Abilities, Weirdness & Mutations

You are very small and have problems with some larger weapons.
You are too small for most types of armour.
You have supernaturally acute eyesight. (SInv)
You cover ground extremely quickly. (Speed+++)


Message History

You throw a stone. The stone closely misses the hobgoblin.
You start resting.
A hobgoblin is nearby!
Throw: 48 stones
Press: ? - help, Q - select action Shift-Dir - straight line, f/p - hobgoblin
Aim: a hobgoblin (heavily wounded, 57% to hit)
You throw a stone. The stone hits the hobgoblin.
The hobgoblin is severely wounded.
Throw: 47 stones
Press: ? - help, Q - select action Shift-Dir - straight line, f/p - hobgoblin
Aim: a hobgoblin (severely wounded, 57% to hit)
You throw a stone. The stone closely misses the hobgoblin.
Throw: 46 stones
Press: ? - help, Q - select action Shift-Dir - straight line, f/p - hobgoblin
Aim: a hobgoblin (severely wounded, 57% to hit)
You throw a stone.
The stone hits the hobgoblin but does no damage.
The hobgoblin is severely wounded.
Throw: 45 stones
Press: ? - help, Q - select action Shift-Dir - straight line, f/p - hobgoblin
Aim: a hobgoblin (severely wounded, 57% to hit)
You throw a stone. The stone barely misses the hobgoblin.
d - 45 stones (gained 1)
You see here a stone.
You see here a stone.
Throw: 45 stones
Press: ? - help, Q - select action Shift-Dir - straight line, f/p - hobgoblin
Aim: a hobgoblin (severely wounded, 57% to hit)
You throw a stone.
The stone hits the hobgoblin but does no damage.
The hobgoblin is severely wounded.
Throw: 44 stones
Press: ? - help, Q - select action Shift-Dir - straight line, f/p - hobgoblin
Aim: a hobgoblin (severely wounded, 57% to hit)
You throw a stone. The stone barely misses the hobgoblin.
Unknown command.
You hit the hobgoblin.
The hobgoblin is almost dead.
The hobgoblin hits you.
You die...

#.# ###### ## #.#
....# #. ###.# #..#
#. ....# #.## #.
....############ #
####..###.
†.g..(.........# #.
#.........
..############.# #.#
#.##..###. ..#
####.#####..##.##.##
#. ###
#..((g@.##........#
##
#..(.##.#####...###
#..####.# ##.##
#..####.# #.#
##...g()# #.###
#.###### #...#
#.....# ###.##
##.##.# #..## #
#..#.#########...####


You could see a hobgoblin.

Vanquished Creatures
  A ball python (D:1)
  An endoplasm (D:1)
  A goblin (D:1)
  2 rats (D:1)
5 creatures vanquished.

Notes
Turn   | Place    | Note
-------+----------+-------------------------------------------
     0 | D:1      | MirrMurr the Spriggan Enchanter began the quest for the
                  | Orb.
     0 | D:1      | Reached XP level 1. HP: 9/9 MP: 5/5
   901 | D:1      | Slain by a hobgoblin

Illustrated notes

Levels and vault maps discovered:
D:1:      dpeg_arrival_signposts, layout_loops_corners,
          shapermc_ecumenical_altar_hornbeckon

Action                   || total
-------------------------++-------
Melee: Dagger            ||    16
Throw: Stone             ||     8
 Stab: Sleeping          ||     3
Dodge: Dodged            ||     7

Table legend: (Time is in decaauts)
 A = Elapsed time spent in this place.
 B = Non-inter-level travel time spent in this place.
 C = Inter-level travel time spent in this place.
 D = Time resting spent in this place.
 E = Time spent auto-exploring this place.
 F = Levels seen in this place.
 G = Mean time per level.
                   A        B        C        D        E       F      G
               +--------+--------+--------+--------+--------+-----+--------+
         Total |    642 |    642 |      0 |      6 |    549 |   1 |  642.0 |
       Dungeon |    642 |    642 |      0 |      6 |    549 |   1 |  642.0 |
               +--------+--------+--------+--------+--------+-----+--------+

Top non-repeatable levels by time:
     D:1: 642 daAuts
